 Dungeon Crawl Stone Soup version 0.25.1-2-g60ff931df9 (webtiles) character file.

Game seed: 1911777026577250018

46 Atelerd the Stinger (level 3, 0/21 HPs)
             Began as an Octopode Venom Mage on July 29, 2020.
             Succumbed to an adder's poison
             ... on level 1 of the Dungeon.
             The game lasted 00:02:17 (1132 turns).

Atelerd the Stinger (Octopode Venom Mage)           Turns: 1132, Time: 00:02:18

Health: 0/21       AC:  1    Str:  4 (7)  XL:     3   Next: 68%
Magic:  2/7        EV: 13    Int: 15 (18) God:
Gold:   138        SH:  0    Dex: 12 (14) Spells: 6/7 levels left

rFire    . . .     SeeInvis .   (no weapon)
rCold    . . .     Gourm    .   (no shield)
rNeg     . . .     Faith    +   (helmet restricted)
rPois    .         Spirit   .   d - amulet of faith
rElec    .         Reflect  .   (no ring)
rCorr    .         Harm     .   (no ring)
MR       .....                  (no ring)
Stlth    +++.......             (no ring)
HPRegen  0.07/turn              (no ring)
MPRegen  0.10/turn              (no ring)
                                (no ring)
                                (no ring)

@: lethally poisoned (0 -> -1), stab
A: almost no armour, stealthy swim, amphibious, 8 rings, constrict 8, camouflage
1, agile 1, wild magic 1, gelatinous body 1
a: no special abilities


You were on level 1 of the Dungeon.
You were hungry.

You visited 1 branch of the dungeon, and saw 2 of its levels.

You collected 138 gold pieces.

Inventory:

Jewellery
 d - an amulet of faith (around mantle)
 g - an uncursed amulet of guardian spirit
Scrolls
 e - a scroll of teleportation {unknown}
 f - a scroll of fear {unknown}
 h - a scroll of magic mapping {unknown}
 j - a scroll of amnesia {unknown}
 k - a scroll of blinking {unknown}
 m - a scroll of enchant weapon {unknown}
Comestibles
 b - a ration


   Skills:
 - Level 2.0 Dodging
 + Level 3.4 Stealth
 * Level 2.7 Spellcasting
 - Level 1.0 Transmutations
 * Level 4.4 Poison Magic


You had 6 spell levels left.
You knew the following spells:

 Your Spells              Type           Power        Failure   Level  Hunger
a - Sting                 Tmut/Pois      ##..         11%         1    #......

Your spell library contained the following spells:

 Spells                   Type           Power        Failure   Level  Hunger
 Poisonous Vapours        Pois/Air       ##....       17%         2    ##.....
 Ignite Poison            Fire/Tmut/Pois #.......     36%         3    ###....
 Mephitic Cloud           Conj/Pois/Air  #.......     41%         3    ###....
 Olgreb's Toxic Radiance  Pois           ###.....     41%         4    #####..


Dungeon Overview and Level Annotations

Branches:
Dungeon (2/15)

Altars:


Innate Abilities, Weirdness & Mutations

You cannot wear most types of armour.
You are very stealthy in the water. (Stealth+)
You are amphibious.
You can wear up to eight rings at the same time.
You can use your tentacles to constrict eight enemies at once.
Your skin changes colour to match your surroundings (Stealth+).
Your rubbery body absorbs attacks. (AC +1, EV +1)
You are agile. (Dex +2)
Your spells are a little harder to cast, but a little more powerful.


Message History

Okay, then.
There is a lethal amount of poison in your body!
It was a potion of degeneration.
There was something very wrong with that liquid.
You feel weakened.
You feel dopey.
You feel clumsy.
It was a potion of mutation.
You feel extremely strange.
You feel agile.
You feel less in control of your magic.
There is a lethal amount of poison in your body!
There is a lethal amount of poison in your body!
There is a lethal amount of poison in your body!
There is a lethal amount of poison in your body!
You aren't carrying any potions.
Okay, then.
As you read the scroll labeled SYLYOD XALIQ, it crumbles to dust.
You feel blessed for a moment.
It was a scroll of remove curse.
* * * LOW HITPOINT WARNING * * *
You feel sick.
Unknown command.
You see here a leather armour.
You die...

.# ##..######### .#
###...........# # .########
#.......#####.# # ........#
#.#####.# #.# # .######.# #.# #.#
#.# # .# #.# #.# #.# ##.## #
.######.#######.# #.####...####
.)......[)......#####............
...####.#######.@.[.>..###...####
.P.P.##.# ###..###.####.#####
P...P##.# #...............#
P...P##.##### ##.###.########.#
P...P.#.....# #.# #.########.#
..PPP.......######.###.#.........
.######..........................
............######.###..#######..
...#...............# #..#.....#..


There were no monsters in sight!

Vanquished Creatures
  4 adders (D:2)
  2 bats (D:2)
  3 hobgoblins (D:1)
  A frilled lizard (D:1)
  3 rats (D:1)
  A toadstool (D:1)
14 creatures vanquished.

Vanquished Creatures (others)
  A ghoul (D:1)
  2 gargoyles (D:1)
  A vine stalker (D:1)
  A troll (D:1)
  A formicid (D:1)
  A dwarf (D:1)
  An ogre (D:1)
  A centaur (D:1)
  An orc (D:1)
  2 kobolds (D:1)
  6 tentacles (D:1)
  4 toadstools (D:1)
22 creatures vanquished.

Grand Total: 36 creatures vanquished

Notes
Turn   | Place    | Note
-------+----------+-------------------------------------------
     0 | D:1      | Atelerd the Octopode Venom Mage began the quest for the
                  | Orb.
     0 | D:1      | Reached XP level 1. HP: 11/11 MP: 3/3
     0 | D:1      | Noticed a formicid
     0 | D:1      | Noticed an ogre
     0 | D:1      | Noticed a dwarf
     0 | D:1      | Noticed a gargoyle
     0 | D:1      | Noticed a centaur
     0 | D:1      | Noticed a vine stalker
     0 | D:1      | Noticed a kraken
     0 | D:1      | Noticed a gargoyle
     0 | D:1      | Noticed a troll
     0 | D:1      | Noticed a ghoul
     3 | D:1      | Killed a formicid
     4 | D:1      | Killed an ogre
     4 | D:1      | Killed a centaur
     6 | D:1      | Killed a dwarf
     7 | D:1      | Killed a vine stalker
     8 | D:1      | Killed a gargoyle
    10 | D:1      | Killed a gargoyle
    11 | D:1      | Killed a troll
    12 | D:1      | Killed a ghoul
   637 | D:1      | Reached XP level 2. HP: 13/17 MP: 5/5
   864 | D:2      | Reached skill level 4 in Poison Magic
  1098 | D:2      | Reached XP level 3. HP: 21/21 MP: 6/6
  1124 | D:1      | HP: 1/21 [poisoned by an adder]
  1127 | D:1      | Gained mutation: You are agile. (Dex +2) [potion of
                  | mutation]
  1127 | D:1      | Gained mutation: Your spells are a little harder to cast,
                  | but a little more powerful. [potion of mutation]
  1132 | D:1      | Succumbed to an adder's poison

Illustrated notes

Levels and vault maps discovered:
D:1:      nicolae_arrival_kraken_aquarium_a, layout_loops_ring,
          minmay_gold_behind_fungi
D:2:      layout_loops_corners, kennysheep_doodads, minmay_splitting_lines,
          nicolae_gozag_zags_fifth_avenue, uniq_jessica, uniq_natasha

Skill      XL: |  1  2 |
---------------+-------+-----
Stealth        | 3 |  3.4
Poison Magic   | 4 |  4.4
Dodging        | |  2.0
Spellcasting   | |  2.7
Transmutations | |  1.0

Action                   || total
-------------------------++-------
Melee: Unarmed           ||    25
       Constrict         ||    10
       Tentacles         ||     6
 Cast: Sting             ||    12
  Use: Potion            ||     3
       Scroll            ||     1
 Stab: Sleeping          ||     5
Armor: Skin              ||     9
Dodge: Dodged            ||    21
